 Dungeon Crawl Stone Soup version 0.32-a0-961-gd60f5e5fc7 (webtiles) character file.

Game seed: 272509677002699323

13027 trashops the Severer (level 11, -9/106 HPs)
             Began as a Mountain Dwarf Fighter on Apr 18, 2024.
             Was a High Priest of Okawaru.
             Mangled by a troll (13 damage)
             ... on level 11 of the Dungeon.
             The game lasted 00:18:11 (9542 turns).

trashops the Severer (Mountain Dwarf Fighter)       Turns: 9542, Time: 00:18:12

Health: -9/106     AC: 25    Str: 24    XL:     11   Next: 70%
Magic:  0/11       EV:  4    Int: 11    God:    Okawaru [*****.]
Gold:   666        SH: 13    Dex:  9    Spells: 10/10 levels left

rFire   + . .        h - +3 war axe (freeze)
rCold   . . .        H - +0 tower shield
rNeg    . . .        i - +2 plate armour {rF+}
rPois   .            j - +0 helmet {Int+3}
rElec   .            y - +0 cloak
rCorr   .            n - +1 pair of gloves
SInv    +            (no boots)
Will    .....        p - amulet of guardian spirit Stlth
                     C - ring of see invisible
HPRegen 0.37/turn    E - +4 ring of protection
MPRegen 0.12/turn

%: guardian spirit
@: weak-willed, on berserk cooldown
A: runic magic, artefact enchanting, robust 1, wild magic 1
a: Renounce Religion, Heroism, Finesse, Duel


You were on level 11 of the Dungeon.
You worshipped Okawaru.
Okawaru was extremely pleased with you.
You visited 1 branch of the dungeon, and saw 11 of its levels.
You also visited: Sewer.

You collected 666 gold pieces.

Inventory:

Hand Weapons
 a - a +0 spectral war axe
 h - a +3 war axe of freezing (weapon)
 k - a +4 battleaxe
 A - a +3 dire flail
 K - a +4 scimitar of flaming
Missiles
 w - a throwing net (quivered)
Armour
 c - a +0 buckler
 i - a +2 plate armour of fire resistance (worn)
 j - a +0 helmet of intelligence (worn)
 n - a +1 pair of gloves (worn)
 y - a +0 cloak (worn)
 H - a +0 tower shield (worn)
Jewellery
 p - an amulet of guardian spirit (around neck)
 C - a ring of see invisible (left hand)
 E - a +4 ring of protection (right hand)
 F - an amulet of reflection
 J - a ring of positive energy
Wands
 u - a wand of flame (29)
Scrolls
 b - 2 scrolls of revelation {unknown}
 l - 2 scrolls of amnesia
 s - 6 scrolls of identify
 v - a scroll of enchant weapon
 B - a scroll of enchant armour
 D - a scroll of fear
 G - 3 scrolls of poison
 I - a scroll of acquirement {unknown}
Potions
 d - a potion of might
 e - 2 potions of resistance
 f - 2 potions of mutation
 g - a potion of brilliance
 q - a potion of enlightenment
 r - a potion of berserk rage
 t - a potion of lignification
 x - 2 potions of attraction


   Skills:
 * Level 9.5 Fighting
 + Level 17.1 Axes
 * Level 8.6 Armour
 * Level 6.7 Shields
 + Level 1.2 Invocations


You had 10 spell levels left.
You didn't know any spells.
Your spell library contained the following spells:

 Spells                   Type           Power      Damage    Failure   Level
 Kiss of Death            Conj/Necr      0%         2d5       98%         1
 Magic Dart               Conj           0%         1d3       98%         1
 Sandblast                Erth           0%         2d4       98%         1
 Ensorcelled Hibernation  Hex/Ice        0%         N/A       99%         2
 Searing Ray              Conj           0%         2d4       99%         2
 Confusing Touch          Hex            0%         N/A       100%        3
 Passwall                 Erth           0%         N/A       100%        3
 Stone Arrow              Conj/Erth      0%         3d7       100%        3
 Swiftness                Air            0%         N/A       100%        3
 Dispel Undead            Necr           0%         3d6       100%        4
 Fulminant Prism          Conj/Alch      0%         3d5       100%        4
 Passage of Golubria      Tloc           0%         N/A       100%        4
 Borgnjor's Vile Clutch   Necr/Erth      0%         N/A       100%        5
 Yara's Violent Unravell  Hex/Alch       0%         3d3       100%        5
 Tukima's Dance           Hex            Unusable   N/A       N/A         3
 Animate Dead             Necr           Unusable   N/A       N/A         4
 Death Channel            Necr           Unusable   N/A       N/A         6

Dungeon Overview and Level Annotations

Branches:
Dungeon (11/15)            Temple (0/1) D:4             Orc (0/2) D:11
  Sewer (visited)
   Lair: D:8-11

Altars:
Cheibriados
Dithmenos
Elyvilon
Fedhas
Gozag
Nemelex Xobeh
Okawaru
Ru
Trog
Vehumet
Wu Jian
Xom
Zin
Beogh

Annotations:
D:10 3 runed translucent doors, rbyellow5's ghost, journeyman OpFi
D:11 Fannar


Innate Abilities, Weirdness & Mutations

Your spellcasting is much less encumbered by armour.
You can use scrolls of enchantment on lesser artefacts.
You are robust. (+10% HP)
Your spells are a little harder to cast, but a little more powerful.


Message History

The phantasmal warrior gestures at you.
The phantasmal warrior blinks!
The phantasmal warrior attacks as it pursues you!
You block the phantasmal warrior's attack.
You feel better.
Your surroundings suddenly seem different.
A troll comes into view.
Found a long sword, 13 gold pieces and a blade talisman.
Found a stone staircase leading up.
The acid dragon roars!
The troll shouts!
You hit the troll. You freeze the troll.
The troll is lightly wounded.
The troll bites you but does no damage. The troll claws you but does no damage.
You block the troll's attack.
You closely miss the troll.
The troll is lightly wounded.
The troll bites you.
* * * LOW HITPOINT WARNING * * *
You block the troll's attack. The troll claws you but does no damage.
You hit the troll. You freeze the troll.
The troll is moderately wounded.
The sentinel's mark upon you fades away.
You block the troll's attack. x3
You closely miss the troll.
The troll is moderately wounded.
The troll bites you but does no damage. The troll barely misses you.
You block the troll's attack.
You closely miss the troll.
The troll is moderately wounded.
You block the troll's attack. The troll claws you but does no damage.
The troll completely misses you.
You slash the troll! You freeze the troll.
The troll is heavily wounded.
The troll bites you but does no damage. You block the troll's attack.
The troll claws you!
* * * LOW HITPOINT WARNING * * *
You slash the troll! You freeze the troll.
The troll is almost dead.
The troll bites you!
You die...

#..#
.....<......
...
#...........
.#.
#...........
...
#......%####
###
#.......###.
#..
#.......##..
...
#....)$.#...
...
#...@...#D..
...
#..T###.+...
..# #... ###
#... H# #...
# .... +
..... #
...... # #


You could see a troll and an acid dragon.

Vanquished Creatures
  Harold (D:11)
  Erica (D:10)
  A two-headed ogre (D:9)
  Nergalle (D:10)
  An arcanist (D:10)
  2 cyclopes
  A deep elf pyromancer (D:8)
  A manticore (D:8)
  Maggie (D:10)
  A rime drake (D:11)
  2 trolls
  A hornet (D:10)
  2 shadows
  A vampire (D:10)
  A wyvern (D:7)
  6 yaks (D:10)
  4 steam dragons
  2 vampire mosquitoes (D:6)
  2 water moccasins
  An acid dragon (D:9)
  4 ice beasts
  6 black bears
  A sky beast (D:7)
  2 orc warriors
  2 ogres (D:4)
  A kobold brigand (D:9)
  A phantom (D:4)
  7 bullfrogs
  A scorpion (D:4)
  13 wights
  10 killer bees
  10 howler monkeys
  An electric eel (D:6)
  A gnoll bouda (D:6)
  2 bombardier beetles
  9 orc priests
  6 hounds
  5 jellies
  A sleepcap (D:6)
  Natasha (thrice) (D:2)
  An iguana (D:5)
  7 orc wizards
  A hell rat (Sewer)
  Robin (D:4)
  6 gnolls
  15 adders
  8 river rats
  3 shadow imps
  2 dart slugs (D:1)
  5 ribbon worms
  28 orcs
  6 bats
  9 endoplasms
  4 giant cockroaches
  17 goblins
  14 hobgoblins
  5 jackals
  9 kobolds
  10 quokkas
  9 ball pythons
  A frilled lizard (D:2)
  11 rats
291 creatures vanquished.

Vanquished Creatures (others)
  2 kobolds (D:9)
2 creatures vanquished.

Grand Total: 293 creatures vanquished

Notes
Turn   | Place    | Note
-------+----------+-------------------------------------------
     0 | D:1      | trashops the Mountain Dwarf Fighter began the quest for the
                  | Orb.
     0 | D:1      | Reached XP level 1. HP: 19/19 MP: 1/1
   183 | D:1      | Reached XP level 2. HP: 26/26 MP: 2/2
   223 | D:1      | Reached skill level 3 in Axes
   287 | D:1      | Reached XP level 3. HP: 11/31 MP: 3/3
   724 | D:2      | Noticed Natasha
   729 | D:2      | Killed Natasha
   730 | D:2      | Reached skill level 4 in Axes
   730 | D:2      | Reached XP level 4. HP: 28/40 MP: 4/4
   841 | D:2      | Noticed Natasha
   847 | D:2      | Killed Natasha
  1110 | D:2      | Reached skill level 5 in Axes
  1138 | D:2      | Reached XP level 5. HP: 46/46 MP: 5/5
  1242 | D:2      | Noticed Natasha
  1247 | D:2      | Killed Natasha
  1257 | D:2      | Found an iron altar of Okawaru.
  1265 | D:2      | Became a worshipper of Warmaster Okawaru
  1555 | D:3      | Reached skill level 6 in Axes
  1591 | D:3      | Gained mutation: Your spells are a little harder to cast,
                  | but a little more powerful. [potion of mutation]
  1591 | D:3      | Gained mutation: You are robust. (+10% HP) [potion of
                  | mutation]
  1594 | D:3      | Reached XP level 6. HP: 8/57 MP: 6/6
  1790 | D:3      | Found a glowing drain.
  1799 | Sewer    | Entered a sewer
  2054 | D:3      | Found a radiant altar of Vehumet.
  2055 | D:3      | Found a sacrificial altar of Ru.
  2066 | D:3      | Found a snail-covered altar of Cheibriados.
  2342 | D:3      | Found a glowing silver altar of Zin.
  2494 | D:3      | Reached skill level 7 in Axes
  2717 | D:4      | Noticed Robin
  2728 | D:4      | Killed Robin
  2760 | D:4      | Found a staircase to the Ecumenical Temple.
  2776 | D:4      | Reached XP level 7. HP: 64/64 MP: 7/7
  2843 | D:4      | Reached * piety under Okawaru
  2844 | D:4      | Reached skill level 8 in Axes
  2896 | D:4      | Found a shadowy altar of Dithmenos.
  3349 | D:4      | Reached skill level 9 in Axes
  3745 | D:5      | Entered Level 5 of the Dungeon
  3979 | D:5      | Reached XP level 8. HP: 66/73 MP: 6/8
  3986 | D:5      | Reached skill level 5 in Armour
  4041 | D:5      | Reached skill level 10 in Axes
  4050 | D:5      | Reached ** piety under Okawaru
  4064 | D:5      | Reached skill level 5 in Fighting
  4465 | D:6      | Found an opulent altar of Gozag.
  4512 | D:6      | Reached skill level 11 in Axes
  4649 | D:6      | Found an ornate altar of the Wu Jian Council.
  4664 | D:6      | Found a shimmering altar of Xom.
  4739 | D:6      | Reached *** piety under Okawaru
  4740 | D:6      | Reached XP level 9. HP: 53/81 MP: 5/9
  4741 | D:6      | Found a sparkling altar of Nemelex Xobeh.
  4885 | D:6      | Reached skill level 12 in Axes
  5147 | D:6      | Found a bloodstained altar of Trog.
  5182 | D:6      | Found a white marble altar of Elyvilon.
  5635 | D:7      | Reached skill level 13 in Axes
  5866 | D:7      | Reached **** piety under Okawaru
  6040 | D:7      | Reached skill level 14 in Axes
  6338 | D:8      | Noticed a manticore
  6340 | D:8      | Noticed a cyclops
  6345 | D:8      | Killed a manticore
  6346 | D:8      | Reached skill level 5 in Shields
  6346 | D:8      | Reached XP level 10. HP: 84/92 MP: 8/10
  6347 | D:8      | Noticed a deep elf pyromancer
  6361 | D:8      | Killed a cyclops
  6367 | D:8      | Killed a deep elf pyromancer
  6368 | D:8      | Reached skill level 15 in Axes
  6383 | D:8      | Reached ***** piety under Okawaru
  6879 | D:8      | Found a blossoming altar of Fedhas.
  7087 | D:9      | Noticed a two-headed ogre
  7095 | D:9      | Killed a two-headed ogre
  7096 | D:9      | Reached skill level 16 in Axes
  7102 | D:9      | Reached skill level 1 in Invocations
  7112 | D:9      | Received a gift from Okawaru
  7117 | D:10     | Entered Level 10 of the Dungeon
  7652 | D:9      | Reached XP level 11. HP: 84/102 MP: 7/11
  7751 | D:9      | Identified the +0 ring mail of the Conjuring Gods {Fly
                  | rElec rC+}
  8168 | D:10     | Noticed Nergalle
  8187 | D:10     | Killed Nergalle
  8208 | D:10     | Paralysed by a hornet for 2 turns
  8391 | D:10     | Noticed an arcanist
  8395 | D:10     | Killed an arcanist
  8609 | D:10     | Found a runed translucent gate.
  8609 | D:10     | Found a runed translucent gate.
  8659 | D:10     | Found a runed translucent gate.
  8665 | D:10     | Noticed rbyellow5's ghost (journeyman OpFi)
  8804 | D:10     | Noticed Erica
  8807 | D:10     | Noticed Maggie
  8815 | D:10     | Received a gift from Okawaru
  8840 | D:10     | Killed Maggie
  8846 | D:10     | Killed Erica
  8847 | D:10     | Reached skill level 17 in Axes
  9306 | D:10     | Found a roughly hewn altar of Beogh.
  9434 | D:11     | Found a roughly hewn altar of Beogh.
  9434 | D:11     | Found a staircase to the Orcish Mines.
  9453 | D:11     | Noticed a phantasmal warrior
  9455 | D:11     | Noticed a skeletal warrior
  9457 | D:11     | Noticed a death knight
  9466 | D:11     | Noticed Harold
  9467 | D:11     | Noticed Fannar
  9493 | D:11     | Killed Harold
  9493 | D:11     | Received a gift from Okawaru
  9528 | D:11     | Noticed a skeletal warrior
  9541 | D:11     | HP: 4/106 [troll (7)]
  9542 | D:11     | Mangled by a troll

Illustrated notes

Levels and vault maps discovered:
D:1:      dpeg_arrival_arbitrary_a, layout_basic
D:2:      layout_basic, serial_rivers, chequers_serial_rivers_room_a,
          chequers_serial_rivers_room_b, chequers_serial_rivers_micro_b,
          chequers_serial_rivers_room_a, basic_altar, st_stairs_13, uniq_natasha
D:3:      layout_loops_ring, zin_academy,
          chequers_temple_overflow_statue_of_worship, lightli_sewer_entry_pipes
D:4:      minmay_chambers_of_threes, layout_loops_ring,
          mainiacjoe_overflow_six_doors_small, minmay_temple_entry_wispy,
          serial_forest, infiniplex_forest_end_3, infiniplex_forest_straight_1,
          infiniplex_forest_clump_curved, infiniplex_forest_clump_small,
          infiniplex_forest_lined_corner, minmay_gold_behind_fungi, uniq_robin
D:5:      layout_loops_ring
D:6:      minmay_evil_eye, layout_basic, mainiacjoe_overflow_alcove_4,
          grunt_gozag_statues, nicolae_elyvilon_temple_path,
          jmf_multi_god_temple2, trog_book
D:7:      layout_rooms
D:8:      minmay_bloctagon_deflated, layout_rooms, fedhas_altar_fruit_tree
D:9:      layout_small_grid
D:10:     layout_loops_ring, biasface_ghost_orc_armoury, uniq_nergalle,
          uniq_erica, uniq_maggie
D:11:     layout_long_grid, hellmonk_lair_entry_icy, david_orc_5,
          minmay_misc_feat_tower, minmay_quadrilaterals, uniq_harold,
          uniq_fannar

Skill      XL: |  1  2  3  4  5  6  7  8  9 10 11 |
---------------+----------------------------------+-----
Axes           | 3 4 5 6 7 9 11 14 16 17 | 17.1
Armour         | 4 5 6 7 8 |  8.6
Fighting       | 4 5 6 7 9 |  9.5
Shields        | 4 5 6 |  6.7
Invocations    | 1 |  1.2

Action                     |  1- 3 |  4- 6 |  7- 9 | 10-12 || total
---------------------------+-------+-------+-------+-------++-------
  Melee: War axe           |    80 |   187 |   266 |   303 ||   836
 Invoke: Heroism           |       |       |     1 |     1 ||     2
    Use: Potion            |       |     9 |     1 |     9 ||    19
         Scroll            |       |     9 |     5 |     4 ||    18
 Armour: Scale mail        |    62 |    74 |       |       ||   136
         Ring mail         |       |    38 |   205 |   153 ||   396
         Plate armour      |       |       |       |    92 ||    92
         Skin              |       |       |       |    13 ||    13
  Dodge: Dodged            |    34 |    83 |   115 |    89 ||   321
  Block: Buckler           |    23 |    39 |    51 |    38 ||   151
         Tower shield      |       |       |       |    80 ||    80

Table legend: (Time is in decaauts)
 A = Elapsed time spent in this place.
 B = Non-inter-level travel time spent in this place.
 C = Inter-level travel time spent in this place.
 D = Time resting spent in this place.
 E = Time spent auto-exploring this place.
 F = Levels seen in this place.
 G = Mean time per level.
                   A        B        C        D        E       F      G
               +--------+--------+--------+--------+--------+-----+--------+
         Total |   9599 |   9266 |    333 |   1073 |   6206 |  12 |  799.9 |
       Dungeon |   9501 |   9168 |    333 |   1073 |   6184 |  11 |  863.7 |
         Sewer |     97 |     97 |      0 |      0 |     21 |   1 |   97.0 |
               +--------+--------+--------+--------+--------+-----+--------+

Top non-repeatable levels by time:
    D:10: 1609 daAuts
     D:3: 1163 daAuts
     D:4: 1150 daAuts
     D:6: 1118 daAuts
     D:2: 837 daAuts
     D:7: 812 daAuts
     D:8: 770 daAuts
     D:5: 628 daAuts
     D:1: 616 daAuts
     D:9: 600 daAuts
    D:11: 193 daAuts
   Sewer: 97 daAuts
